 Dungeon Crawl Stone Soup version 0.28.0 (webtiles) character file.

Game seed: 16918729526845632636

65 reversiblehash the Skirmisher (level 3, -8/31 HPs)
             Began as a Demonspawn Berserker on Feb 19, 2022.
             Was a Believer of Trog.
             Mangled by an ogre (27 damage)
             ... on level 3 of the Dungeon.
             The game lasted 00:03:50 (3344 turns).

reversiblehash the Skirmisher (DsBe)                Turns: 3344, Time: 00:03:54

Health: -8/31      AC:  2    Str: 19    XL:     3   Next: 94%
Magic:  3/3        EV: 15    Int:  8    God:    Trog [**....]
Gold:   46         SH:  3    Dex: 12    Spells: 2/2 levels left

rFire   . . .      SeeInvis .   a - +0 hand axe
rCold   . . .      Faith    .   h - +0 buckler
rNeg    . . .      Spirit   .   b - +0 animal skin
rPois   .          Reflect  .   (no helmet)
rElec   .          Harm     .   (no cloak)
rCorr   .          Rampage  .   (no gloves)
Will    .....                   (no boots)
Stlth   +.........              (no amulet)
HPRegen 0.10/turn               g - +4 ring of evasion
MPRegen 0.08/turn               (no ring)

@: no status effects
A: hooves 2
a: Renounce Religion, Berserk, Trog's Hand


You were on level 3 of the Dungeon.
You worshipped Trog.
Trog was pleased with you.
You visited 1 branch of the dungeon, and saw 3 of its levels.

You collected 46 gold pieces.

Inventory:

Hand Weapons
 a - a +0 hand axe (weapon)
Armour
 b - a +0 animal skin (worn)
 h - a +0 buckler (worn)
Jewellery
 g - a +4 ring of evasion (left hand)
Scrolls
 c - a scroll of acquirement {unknown}
 j - a scroll of enchant weapon {unknown}
Potions
 d - a potion of cancellation {unknown}
 e - a potion of might {unknown}
 f - a potion of attraction {unknown}
 i - a potion of brilliance {unknown}
 k - a potion of curing {unknown}


   Skills:
 * Level 4.6 Fighting
 - Level 2.6 Axes
 * Level 2.2 Armour
 - Level 1.7 Dodging


You had 2 spell levels left.
You didn't know any spells.
Your spell library contained the following spells:

 Spells                   Type           Power      Damage    Failure   Level
 Cause Fear               Hex            0%         N/A       99%         4
 Dragon Form              Tmut           0%         N/A       100%        7
 Dragon's Call            Summ           0%         N/A       100%        9


Dungeon Overview and Level Annotations

Branches:
Dungeon (3/15)

Altars:


Innate Abilities, Weirdness & Mutations

You have hoof-like feet.


Message History

There is a stone staircase leading down here.
You climb downwards.
You hear the sound of rushing water.
There is an entrance to a sewer on this level.
Hurry and find it before the portal rusts away!
There is a stone staircase leading up here.
The goblin shouts!
An adder comes into view.
An ogre comes into view. It is wielding a +0 giant club.
The adder hisses angrily.
You slash the goblin!
You kill the goblin!
Trog accepts your kill. The adder bites you.
You are poisoned.
The adder poisons you!
Things that are here:
a +0 dagger of freezing; a goblin corpse You slash the adder!
The adder is severely wounded.
You feel sick. You block the adder's attack.
You hit the adder. Your kick misses the adder.
The adder is almost dead.
You feel sick. The adder barely misses you. The adder bites you.
You barely miss the adder.
The adder is almost dead.
You hit the ogre but do no damage.
You feel sick. The adder closely misses you. The ogre barely misses you.
An orc comes into view. It is wielding a +0 short sword.
The orc shouts!
You hit the adder.
You kill the adder!
Trog accepts your kill.
You completely miss the ogre.
You feel sick. The ogre barely misses you.
You hit the ogre. You kick the ogre.
The ogre is lightly wounded.
You feel sick.
You are no longer poisoned.
The ogre hits you with a +0 giant club!!
Ouch! That really hurt!
You die...

.. .. ## ... #o
.# ...###.##.#
.....#....#
..........#####
..............##
#..O†.......#
#...@.......#
#...........#
#...........#
#....<#####.
#.....# #.....#
#.....# ###+###


You could see an ogre and an orc.

Vanquished Creatures
  An adder (D:3)
  A worm (D:2)
  7 ball pythons
  8 endoplasms
  3 hobgoblins
  4 jackals (D:2)
  A quokka (D:2)
  7 bats (D:1)
  2 frilled lizards (D:1)
  4 goblins
  7 kobolds
  5 rats (D:1)
  7 bushes (D:1)
57 creatures vanquished.

Vanquished Creatures (others)
  4 plants
4 creatures vanquished.

Grand Total: 61 creatures vanquished

Notes
Turn   | Place    | Note
-------+----------+-------------------------------------------
     0 | D:1      | reversiblehash the Demonspawn Berserker began the quest for
                  | the Orb.
     0 | D:1      | Reached XP level 1. HP: 18/18 MP: 1/1
   191 | D:1      | Gained mutation: You have large cloven feet. [demonic
                  | ancestry]
   191 | D:1      | Reached XP level 2. HP: 13/24 MP: 2/2
  1047 | D:1      | Reached skill level 4 in Fighting
  1047 | D:1      | Gained mutation: You have hoof-like feet. [demonic
                  | ancestry]
  1047 | D:1      | Reached XP level 3. HP: 17/30 MP: 3/3
  1515 | D:1      | Found a faded altar of an unknown god.
  2970 | D:2      | Reached ** piety under Trog
  3337 | D:3      | Noticed an ogre
  3344 | D:3      | Mangled by an ogre

Illustrated notes

Levels and vault maps discovered:
D:1:      scummos_arrival_simple_crosswalls, layout_loops_ring, serial_forest,
          infiniplex_forest_corner_1, infiniplex_forest_lined_2,
          infiniplex_forest_end_1, infiniplex_forest_straight_3,
          infiniplex_forest_end_3, infiniplex_forest_lined_3_way,
          infiniplex_forest_end_2, dilly_ecumenical_altar_fadedgnrine
D:2:      layout_loops_corners, serial_bayou_lake_a
D:3:      layout_basic, lightli_sewer_entry_pipes, serial_shops,
          nicolae_shop_behind_doors, uniq_robin

Skill      XL: |  1  2 |
---------------+-------+-----
Armour         | 2 |  2.2
Fighting       | 4 |  4.6
Axes           | |  2.6
Dodging        | |  1.7

Action                   || total
-------------------------++-------
Melee: Hand axe          ||   686
       Kick              ||   323
Invok: Berserk           ||     2
 Stab: Sleeping          ||     2
Armor: Animal skin       ||    18
Dodge: Dodged            ||    89
Block: Buckler           ||    14
